 Dungeon Crawl Stone Soup version 0.28-a0-1080-g05a166d0ed (webtiles) character file.

Game seed: 3703430174411361385

148 ytrimaz the Insei (level 5, 0/35 HPs)
             Began as an Octopode Transmuter on Dec 9, 2021.
             Slain by an orc (6 damage)
             ... on level 3 of the Dungeon.
             The game lasted 00:03:20 (3665 turns).

ytrimaz the Insei (Octopode Transmuter)             Turns: 3665, Time: 00:03:21

Health: 0/35       AC:  1    Str:  9    XL:     5   Next: 30%
Magic:  8/9        EV: 13    Int: 18    God:
Gold:   58         SH:  0    Dex: 12    Spells: 5/9 levels left

rFire   . . .      SeeInvis .     - Unarmed
rCold   . . .      Faith    .   (no shield)
rNeg    . . .      Spirit   .   (helmet currently unavailable)
rPois   +          Reflect  .   (no amulet)
rElec   .          Harm     .   c - ring of poison resistance
rCorr   .          Rampage  .   (no ring)
Will    .....                   (no ring)
Stlth   ++........              (no ring)
HPRegen 0.11/turn               (no ring)
MPRegen 0.11/turn               (no ring)
                                (no ring)
                                (no ring)

@: appendages
A: tentacle spike 3, almost no armour, amphibious, 8 rings, camouflage 1,
gelatinous body 1, (nimble swimmer 1), tentacles
a: End Transformation


You were on level 3 of the Dungeon.
One of your tentacles had grown a beastly spike.
You visited 1 branch of the dungeon, and saw 3 of its levels.

You collected 100 gold pieces.
You spent 42 gold pieces at shops.

Inventory:

Jewellery
 c - a ring of poison resistance (left tentacle)
Potions
 e - a potion of resistance


   Skills:
 * Level 2.4 Fighting
 - Level 2.0 Dodging
 + Level 4.2 Unarmed Combat
 * Level 2.9 Spellcasting
 * Level 2.7 Transmutations


You had 5 spell levels left.
You knew the following spells:

 Your Spells              Type           Power      Damage    Failure   Level
a - Beastly Appendage     Tmut           24%        N/A       5%          1
b - Spider Form           Tmut/Pois      7%         N/A       28%         3

Your spell library contained the following spells:

 Spells                   Type           Power      Damage    Failure   Level
 Wereblood                Tmut           12%        N/A       9%          2
 Ensorcelled Hibernation  Hex/Ice        4%         N/A       26%         2
 Tukima's Dance           Hex            2%         N/A       45%         3
 Ice Form                 Ice/Tmut       7%         N/A       67%         4


Dungeon Overview and Level Annotations

Branches:
Dungeon (3/15)

Altars:

Shops:
D:2 *

Annotations:
D:3 Natasha


Innate Abilities, Weirdness & Mutations

One of your tentacles has grown a beastly spike.
You cannot wear most types of armour.
You are amphibious.
You can wear up to eight rings at the same time.
Your skin changes colour to match your surroundings (Stealth+).
Your rubbery body absorbs attacks. (AC +1, EV +1)
((You are camouflaged near water. (Stealth+)))
You have tentacles for arms and can constrict up to eight enemies at once.


Message History

You start resting.
You hear the rusting of a drain nearby.
Natasha, Servant of Life and Death comes into view.
Natasha hisses angrily.
One of your tentacles grows a vicious spike.
Natasha casts a spell.
You barely miss Natasha. Your grab misses Natasha. Your squeeze misses Natasha.
Natasha claws you!
You tentacle-slap Natasha. You grab Natasha.
Natasha is moderately wounded.
You constrict Natasha. The white imp spits at you. Natasha claws you.
You barely miss Natasha.
You pierce Natasha.
You tentacle-slap Natasha.
Natasha is severely wounded.
You constrict Natasha, but do no damage.
The white imp closely misses you.
Natasha casts a spell.
You barely miss Natasha.
Your tentacle spike misses Natasha.
Natasha is severely wounded.
You constrict Natasha, but do no damage.
The white imp shouts, "Fly, thou unhinged base-court jarkman!"
The white imp hits you. The white imp freezes you.
Natasha drinks a potion.
Natasha is healed!
Unknown command.
You tentacle-slap Natasha.
Natasha is moderately wounded.
You constrict Natasha. The white imp hits you.
* * * LOW HITPOINT WARNING * * *
The white imp freezes you.
* * * LOW HITPOINT WARNING * * *
Natasha completely misses you.
The orc shouts!
You tentacle-slap Natasha.
You pierce Natasha.
You squeeze Natasha, but do no damage.
Natasha is severely wounded.
You constrict Natasha.
You hear a shout!
The orc hits you with a +0 flail.
You die...

##........... .. ..#..#
##............ .##....#
#.....<....### #......###
#..........# #........##
#.....†....# #..........
#..........######........##
#.........)....o...........
##........o######..##.#....
#.........@######..#.....##
#.........5h5...o.....#####
#..........###.......##
#..........# #....÷..#
#..........# ###.....######
##........## #........).#
##......## #.....####.#
######## #.....# #..
#.....# ##.


You could see Natasha, 2 white imps and 2 orcs.

Vanquished Creatures
  Natasha (D:3)
  Robin (D:2)
  3 adders
  A worm (D:2)
  A dart slug (D:2)
  3 orcs (D:3)
  10 ball pythons
  5 bats
  6 endoplasms
  3 giant cockroaches
  11 goblins (D:2)
  10 hobgoblins
  3 kobolds
  3 quokkas
  4 frilled lizards
  6 rats
71 creatures vanquished.

Notes
Turn   | Place    | Note
-------+----------+-------------------------------------------
     0 | D:1      | ytrimaz the Octopode Transmuter began the quest for the
                  | Orb.
     0 | D:1      | Reached XP level 1. HP: 13/13 MP: 3/3
   323 | D:1      | Reached XP level 2. HP: 10/18 MP: 1/5
  1254 | D:2      | Found a faded altar of an unknown god.
  1258 | D:2      | Reached XP level 3. HP: 21/23 MP: 6/6
  1261 | D:2      | Learned a level 2 spell: Ensorcelled Hibernation
  1972 | D:2      | Found Zorhiav's Assorted Antiques.
  1977 | D:2      | Bought a metallic blue potion for 21 gold pieces
  1977 | D:2      | Bought a lumpy black potion for 21 gold pieces
  2025 | D:2      | Noticed Robin
  2038 | D:2      | Killed Robin
  2039 | D:2      | Reached XP level 4. HP: 15/29 MP: 7/7
  2737 | D:2      | Reached skill level 4 in Unarmed Combat
  3271 | D:2      | Learned a level 3 spell: Spider Form
  3378 | D:3      | Reached XP level 5. HP: 24/34 MP: 6/9
  3484 | D:3      | Noticed Natasha
  3497 | D:3      | Killed Natasha
  3652 | D:3      | Noticed Natasha
  3665 | D:3      | Slain by an orc

Illustrated notes

Levels and vault maps discovered:
D:1:      eino_arrival_cavern_b, layout_rooms, dk_noncrumbling_4,
          chequers_serial_rivers_small_b, nrook_campfire
D:2:      layout_loops_cross, nicolae_ecumenical_snake_handling, serial_shops,
          nicolae_shop_statue_plus, uniq_robin
D:3:      layout_rooms, serial_shops, shop, gup_sewer_entry_bowl, uniq_natasha,
          uniq_grinder

Skill      XL: |  1  2  3  4 |
---------------+-------------+-----
Unarmed Combat | 4 |  4.2
Fighting       | 2 |  2.4
Dodging        | |  2.0
Spellcasting   | |  2.9
Transmutations | |  2.7

Action                   |  1- 3 |  4- 6 || total
-------------------------+-------+-------++-------
Melee: Unarmed           |    94 |    87 ||   181
       Tentacles         |    15 |     7 ||    22
       Constrict         |    29 |    17 ||    46
       Kick              |    11 |    10 ||    21
       Punch             |     3 |     7 ||    10
 Cast: Beastly Appendage |    10 |     2 ||    12
       Spider Form       |       |     2 ||     2
  Use: Scroll            |     4 |     1 ||     5
       Potion            |       |     1 ||     1
 Stab: Sleeping          |     6 |     4 ||    10
Armor: Skin              |     6 |     5 ||    11
Dodge: Dodged            |    53 |    49 ||   102

Table legend: (Time is in decaauts)
 A = Elapsed time spent in this place.
 B = Non-inter-level travel time spent in this place.
 C = Inter-level travel time spent in this place.
 D = Time resting spent in this place.
 E = Time spent auto-exploring this place.
 F = Levels seen in this place.
 G = Mean time per level.
                   A        B        C        D        E       F      G
               +--------+--------+--------+--------+--------+-----+--------+
         Total |   3654 |   3477 |    177 |    629 |   2271 |   3 | 1218.0 |
       Dungeon |   3654 |   3477 |    177 |    629 |   2271 |   3 | 1218.0 |
               +--------+--------+--------+--------+--------+-----+--------+

Top non-repeatable levels by time:
     D:2: 1817 daAuts
     D:1: 1604 daAuts
     D:3: 232 daAuts
